 Dungeon Crawl Stone Soup version 0.28.0-45-g0d030f2227 (webtiles) character file.

Game seed: 4135335452339793000

43 RascalDebosk the Skirmisher (level 3, -2/33 HPs)
             Began as a Minotaur Monk on Apr 2, 2022.
             Slain by a scorpion (6 damage)
             ... on level 3 of the Dungeon.
             The game lasted 00:07:55 (1673 turns).

RascalDebosk the Skirmisher (Minotaur Monk)         Turns: 1673, Time: 00:07:56

Health: -2/33      AC:  6    Str: 17    XL:     3   Next: 37%
Magic:  2/2        EV: 11    Int:  7    God:
Gold:   145        SH:  0    Dex: 12    Spells: 2/2 levels left

rFire   . . .      SeeInvis .   a - +0 hand axe
rCold   . . .      Faith    .   (no shield)
rNeg    . . .      Spirit   .   m - +0 ring mail
rPois   .          Reflect  .   (helmet restricted)
rElec   .          Harm     .   (no cloak)
rCorr   .          Rampage  .   f - +0 pair of gloves
Will    .....                   (no boots)
Stlth   +.........              (no amulet)
HPRegen 0.11/turn               (no ring)
MPRegen 0.08/turn               (no ring)

@: lethally poisoned (-2 -> -14)
A: horns 2, retaliatory headbutt
a: no special abilities


You were on level 3 of the Dungeon.
You visited 1 branch of the dungeon, and saw 3 of its levels.

You collected 145 gold pieces.

Inventory:

Hand Weapons
 a - a +0 hand axe (weapon)
Missiles
 d - 2 poisoned darts (quivered)
 e - 68 stones
Armour
 f - a +0 pair of gloves (worn)
 m - a +0 ring mail (worn)
Scrolls
 c - a scroll of brand weapon {unknown}
 g - a scroll of vulnerability {unknown}
 l - a scroll of immolation {unknown}
Potions
 b - 2 potions of curing {unknown}
 h - a potion of flight {unknown}
 i - a potion of resistance {unknown}
 k - a potion of invisibility {unknown}


   Skills:
 + Level 4.1 Fighting
 + Level 4.0 Axes
 + Level 1.0 Throwing
 + Level 1.3 Armour
 - Level 3.3 Dodging
 - Level 1.6 Stealth
 + Level 1.0 Evocations


You had 2 spell levels left.
You didn't know any spells.
Your spell library was empty.

Dungeon Overview and Level Annotations

Branches:
Dungeon (2/15)

Altars:


Innate Abilities, Weirdness & Mutations

You have a pair of horns on your head.
You reflexively headbutt those who attack you in melee.


Message History

You headbutt the quokka!
You kill the quokka!
Your Evocations skill increases to level 1!
You see here a quokka corpse.
You hit the scorpion but do no damage. The scorpion barely misses you.
You furiously retaliate!
You headbutt the scorpion! You barely miss the scorpion.
The scorpion is heavily wounded.
The scorpion barely misses you.
You barely miss the scorpion.
The scorpion is heavily wounded.
The scorpion stings you! The scorpion stings you.
You closely miss the scorpion.
The scorpion is heavily wounded.
The scorpion closely misses you. You furiously retaliate!
You headbutt the scorpion, but do no damage.
You hit the scorpion but do no damage. Your headbutt misses the scorpion.
The scorpion is heavily wounded.
The scorpion stings you but does no damage.
You hit the scorpion but do no damage.
The scorpion is heavily wounded.
The scorpion stings you.
You are poisoned.
The scorpion poisons you! The scorpion misses you. You furiously retaliate!
You headbutt the scorpion, but do no damage.
You hit the scorpion.
The scorpion is severely wounded.
You feel sick. The scorpion misses you.
You hit the scorpion but do no damage.
The scorpion is severely wounded.
You feel sick. The scorpion stings you.
* * * LOW HITPOINT WARNING * * *
You are lethally poisoned!
The scorpion poisons you!
You barely miss the scorpion. Your headbutt misses the scorpion.
The scorpion is severely wounded.
* * * LOW HITPOINT WARNING * * *
You feel very sick. The scorpion stings you.
You die...

#.........##
...........#
#.##......## .
#.#....##..#
#.###...........#
>.?.............#
.##....†...(....#
........s.......#
#..#....@...[....
#....#...........
#................
#.##......#.$...
..#.......#..#.#
#.......# ....
#........ #.#
#........ ..


You could see a scorpion.

Vanquished Creatures
  An adder (D:2)
  2 ball pythons (D:1)
  2 bats
  An endoplasm (D:1)
  A giant cockroach (D:2)
  4 goblins
  2 hobgoblins (D:1)
  4 jackals (D:1)
  5 kobolds
  A quokka (D:3)
  4 frilled lizards
  3 rats
30 creatures vanquished.

Notes
Turn   | Place    | Note
-------+----------+-------------------------------------------
     0 | D:1      | RascalDebosk the Minotaur Monk began the quest for the Orb.
     0 | D:1      | Reached XP level 1. HP: 19/19 MP: 0/0
   405 | D:1      | Reached XP level 2. HP: 27/27 MP: 1/1
   522 | D:1      | Reached skill level 1 in Armour
   611 | D:1      | Found a faded altar of an unknown god.
  1190 | D:2      | Reached skill level 1 in Throwing
  1190 | D:2      | Reached XP level 3. HP: 21/33 MP: 2/2
  1654 | D:2      | You fall into a shaft and drop 1 floor!
  1656 | D:3      | Noticed a scorpion
  1662 | D:3      | Reached skill level 1 in Evocations
  1673 | D:3      | Slain by a scorpion

Illustrated notes

Levels and vault maps discovered:
D:1:      lightli_arrival_lavapool, layout_basic, basic_ecumenical_altar,
          wander_ebering_terrifying_dragon_lair
D:2:      layout_loops_corners, minmay_misc_feat_four_crosses,
          serial_park_tiny_pond, small_statue_intersection
D:3:      layout_rooms, minmay_circle_x

Skill      XL: |  1  2  3 |
---------------+----------+-----
Armour         | 1 |  1.3
Fighting       | 4 |  4.1
Axes           | 4 |  4.0
Throwing       | 1 |  1.0
Evocations     | 1 |  1.0
Dodging        | |  3.3
Stealth        | |  1.6

Action                   || total
-------------------------++-------
Melee: Hand axe          ||    73
       Headbutt          ||     7
       Punch             ||     1
 Stab: Sleeping          ||     2
Armor: Robe              ||    10
       Leather armour    ||     3
       Ring mail         ||    12
Dodge: Dodged            ||    58
